Unix NetHack Version 3.7.0-89 Work-in-progress - last build Sep 25 2023 05:26:45 (48e034876007844a536bf88644040a71d2893410,branch:master). Game began 2023-10-24 19:18:25, ended 2023-10-24 19:43:38. misanthrope, neutral male human Wizard ----- |...| #@f... #|...| |.... ...| ----- Misanthrope the Conjurer St:10 Dx:16 Co:15 In:18 Wi:13 Ch:12 Neutral Dlvl:5 $:0 HP:30(30) Pw:38(38) AC:5 Xp:4/106 T:2118 Latest messages: You swap places with Holly. The door opens. You hit the giant bat! The giant bat bites! The giant bat bites! You kill the giant bat! Welcome to experience level 4. You see here a giant bat corpse. Holly eats a giant bat corpse. You swap places with Holly. You find a hidden door. The door opens. You find a hidden passage. You find a hidden door. The door opens. You hit the coyote. The coyote bites! You kill the coyote! You swap places with Holly. The door opens. You hit the coyote. The coyote bites! You kill the coyote! You hit the gray ooze! You kill the gray ooze! You see here a small glob of gray ooze. You swap places with Holly. With great effort you move the boulder. With great effort you move the boulder. You stop. Holly is in the way! You swap places with Holly. You find a hidden passage. You swap places with Holly. You swap places with Holly. You descend the stairs. You climb up the stairs. What do you want to drop? [$a-qtuw-yA-G or ?*] You drop 66 gold pieces. You descend the stairs. You hit the leprechaun! The leprechaun wakes up! The leprechaun screams! H - a dwarvish mithril-coat. What do you want to take off? [bp or ?*] You were wearing an uncursed +0 cloak of magic resistance. What do you want to wear? [bH or ?*] You finish your dressing maneuver. # Really quit? [yn] (n) Do you want your possessions identified? [ynq] (y) Inventory: Weapons (')') q - an uncursed +0 orcish dagger a - a blessed burnt +1 quarterstaff (weapon in hands) Armor ('[') p - an uncursed +0 orcish helm (being worn) b - an uncursed +0 cloak of magic resistance H - a cursed -2 dwarvish mithril-coat (being worn) Scrolls ('?') C - an uncursed scroll of blank paper o - an uncursed scroll of confuse monster w - a blessed scroll of create monster u - a blessed scroll of destroy armor x - a blessed scroll of gold detection B - 2 uncursed scrolls of identify j - an uncursed scroll of punishment k - an uncursed scroll of remove curse i - an uncursed scroll of teleportation Spellbooks ('+') m - an uncursed spellbook of detect monsters l - a blessed spellbook of force bolt t - a blessed spellbook of invisibility Potions ('!') y - an uncursed potion of blindness f - an uncursed potion of confusion D - 2 uncursed potions of extra healing E - an uncursed potion of fruit juice G - an uncursed potion of full healing g - an uncursed potion of gain level F - an uncursed potion of monster detection h - an uncursed potion of oil Rings ('=') d - an uncursed ring of searching (on left hand) e - an uncursed ring of slow digestion (on right hand) Wands ('/') c - an uncursed wand of polymorph (0:7) Tools ('(') n - an uncursed magic marker (0:81) Gems/Stones ('*') A - an uncursed worthless piece of white glass named Tpy Misanthrope the Wizard's attributes: Background: You were a Conjurer, a level 4 male human Wizard. You were neutral, nominally on a mission for Thoth who was opposed by Ptah (lawful) and Anhur (chaotic). You were in the Dungeons of Doom, on level 5. You entered the dungeon 2118 turns ago. You had 106 experience points, 54 more were needed to attain level 5. Basics: You had all 30 hit points. You had all 38 energy points (spell power). Your armor class was 5. Your wallet was empty. Autopickup was off. Final Characteristics: Your strength was 10 (limit:18/100). Your dexterity was 16 (limit:18). Your constitution was 15 (limit:18). Your intelligence was 18 (limit:18). Your wisdom was 13 (limit:18). Your charisma was 12 (limit:18). Final Status: You were not hungry. You were unencumbered. You were wielding a quarterstaff. You had basic skill with quarterstaff. Final Attributes: You were devoutly aligned. You were telepathic. You had automatic searching. You had slower digestion. You were guarded. You survived. Miscellaneous: You encountered 1 bones level. Total elapsed playing time was 25 minutes and 11 seconds. Major events: Turn 1: misanthrope the neutral male human Wizard entered the dungeon 1018: entered the Gnomish Mines 1196: attained the rank of Conjurer (level 3) 2118: quit Vanquished creatures: a gray ooze a floating eye a homunculus a giant bat an acid blob 2 coyotes 2 hobbits a green mold a red mold 2 geckos 2 kobolds 2 goblins a sewer rat 3 grid bugs 3 lichens a kobold zombie 5 newts 30 creatures vanquished. No species were genocided or became extinct. Voluntary challenges: You were an atheist. You read items or engraved 1 time. You never engraved Elbereth. You never genocided any monsters. You never polymorphed an object. You never changed form. You used no wishes. Achievements: You entered the Gnomish Mines. You attained the rank of Conjurer. The Dungeons of Doom: levels 1 to 5 Level 1: Some fountains. Level 2: A fountain. Stairs down to The Gnomish Mines. Level 3: Level 4: Level 5: <- You were here. Final resting place for lurchy-Wiz-Elf-Mal-Cha, killed by a gray ooze, AlphaNoob-Val-Dwa-Fem-Law, killed by a jackal, while fainted from lack of food. The Gnomish Mines: Level 3: Goodbye misanthrope the Wizard... You quit in The Dungeons of Doom on dungeon level 5 with 624 points, and 0 pieces of gold, after 2118 moves. You were level 4 with a maximum of 30 hit points when you quit.